 Dungeon Crawl Stone Soup version 0.31.0-32-g396128a36d (webtiles) character file.

Game seed: 13130586261467484118

62 601d51SH the Chopper (level 4, -3/39 HPs)
             Began as a Hill Orc Cinder Acolyte on Apr 3, 2024.
             Was a High Priest of Ignis.
             Slain by a gnoll
             ... wielding a +0 flail
              (5 damage)
             ... on level 2 of the Dungeon.
             The game lasted 00:03:21 (1170 turns).

601d51SH the Chopper (Hill Orc Cinder Acolyte)      Turns: 1170, Time: 00:03:21

Health: -3/39      AC:  3    Str: 18    XL:     4   Next: 8%
Magic:  5/5        EV: 11    Int: 20    God:    Ignis [*****.]
Gold:   44         SH:  0    Dex:  6    Spells: 5/5 levels left

rFire   + + .        a - -1 hand axe (flame)
rCold   . . .        (no shield)
rNeg    . . .        d - +0 leather armour
rPois   .            (no helmet)
rElec   .            (no cloak)
rCorr   .            (no gloves)
SInv    .            (no boots)
Will    .....        (no amulet)
Stlth   +            e - ring of protection from fire
HPRegen 0.26/turn    g - +6 ring of intelligence
MPRegen 0.09/turn

%: no passive effects
@: no status effects
A: no striking features
a: Renounce Religion, Fiery Armour, Foxfire Swarm, Rising Flame


You were on level 2 of the Dungeon.
You worshipped Ignis.
Ignis was extremely pleased with you.
You visited 1 branch of the dungeon, and saw 2 of its levels.

You collected 44 gold pieces.

Inventory:

Hand Weapons
 a - a -1 hand axe of flaming (weapon)
Armour
 b - a +0 robe
 d - a +0 leather armour (worn)
Jewellery
 e - a ring of protection from fire (left hand)
 g - a +6 ring of intelligence (right hand)
Potions
 c - a potion of lignification {unknown}
 f - 2 potions of brilliance {unknown}
 h - a potion of curing {unknown}


   Skills:
 - Level 3.6 Fighting
 * Level 6.4 Axes
 - Level 1.0 Spellcasting
 - Level 3.2 Fire Magic


You had 5 spell levels left.
You didn't know any spells.
Your spell library contained the following spells:

 Spells                   Type           Power      Damage    Failure   Level
 Scorch                   Fire           28%        2d6       9%          2
 Sandblast                Erth           2%         2d4       21%         1
 Passwall                 Erth           1%         N/A       52%         3
 Stone Arrow              Conj/Erth      2%         3d7       52%         3
 Brom's Barrelling Bould  Conj/Erth      1%         2d3       90%         4


Dungeon Overview and Level Annotations

Branches:
Dungeon (2/15)

Altars:


Message History

Flames leap up around you! The kobold misses you.
The foxfire hits the gnoll.
The gnoll is moderately wounded.
Your foxfire dissipates!
The foxfire hits the gnoll.
The gnoll is heavily wounded.
The foxfire hits the gnoll.
The gnoll is heavily wounded.
The foxfire hits the gnoll.
The gnoll is severely wounded.
The foxfire hits the gnoll but does no damage.
The gnoll is severely wounded.
The foxfire hits the gnoll but does no damage.
The gnoll is severely wounded.
The foxfire hits the gnoll.
The gnoll is almost dead.
The foxfire hits the kobold.
You kill the kobold!
The quokka closely misses you. The gnoll hits you with a +0 whip.
* * * LOW HITPOINT WARNING * * *
Things that are here:
a +0 whip; a kobold corpse You hit the gnoll but do no damage.
The gnoll is almost dead.
You hit the quokka. You burn the quokka. The quokka barely misses you.
The gnoll hits you with a +0 whip.
* * * LOW HITPOINT WARNING * * *
You closely miss the gnoll.
The gnoll is almost dead.
You hit the quokka. You burn the quokka.
You kill the quokka!
The gnoll hits you with a +0 whip.
* * * LOW HITPOINT WARNING * * *
You hit the gnoll but do no damage.
The gnoll is almost dead.
Unknown command.
You barely miss the gnoll.
The gnoll is almost dead.
You closely miss the gnoll. The gnoll closely misses you.
The gnoll hits you with a +0 flail.
You die...

#. .. #. #.
#.##### #.....
#..###g#.# .
......g@.##
###.
...#####.<# ...
#).##.# #..#..#
.#.###.....#
..........###.#
..#....##.#
#.## ##
.....#.#..###..
#.
...........##.#
#.


You could see 2 gnolls.

Vanquished Creatures
  2 gnolls (D:2)
  An adder (D:2)
  A dart slug (D:2)
  2 bats (D:1)
  5 endoplasms
  3 goblins (D:1)
  2 hobgoblins (D:1)
  5 quokkas
  2 ball pythons
  4 kobolds
  5 rats
32 creatures vanquished.

Vanquished Creatures (others)
  14 foxfires (D:2)
14 creatures vanquished.

Grand Total: 46 creatures vanquished

Notes
Turn   | Place    | Note
-------+----------+-------------------------------------------
     0 | D:1      | 601d51SH the Hill Orc Cinder Acolyte began the quest for
                  | the Orb.
     0 | D:1      | Reached XP level 1. HP: 19/19 MP: 2/2
   123 | D:1      | Reached XP level 2. HP: 22/26 MP: 3/3
   282 | D:1      | Reached skill level 5 in Axes
   756 | D:1      | Reached XP level 3. HP: 26/31 MP: 4/4
  1159 | D:2      | Reached skill level 6 in Axes
  1159 | D:2      | Reached XP level 4. HP: 15/39 MP: 5/5
  1168 | D:2      | HP: 1/39 [gnoll/+0 whip (5)]
  1170 | D:2      | Slain by a gnoll

Illustrated notes

Levels and vault maps discovered:
D:1:      dpeg_arrival_oval, layout_basic
D:2:      layout_basic, basic_altar

Skill      XL: |  1  2  3 |
---------------+----------+-----
Axes           | 5 6 |  6.4
Fighting       | |  3.6
Spellcasting   | |  1.0
Fire Magic     | |  3.2

Action                     |  1- 3 |  4- 6 || total
---------------------------+-------+-------++-------
  Melee: Hand axe          |    85 |     4 ||    89
 Invoke: Foxfire Swarm     |     1 |     1 ||     2
 Armour: Leather armour    |    49 |     5 ||    54
         Robe              |     2 |       ||     2
  Dodge: Dodged            |    53 |     4 ||    57
